 Dungeon Crawl Stone Soup version 0.29-a0-866-g0545e20025 (webtiles) character file.

Game seed: 4648779195748774458

7527 27snakeeyes612 the Cudgeller (level 10, -1/100 HPs)
             Began as a Troll Berserker on July 17, 2022.
             Was a Priest of Trog.
             Shot with an arrow by a centaur (2 damage)
             ... on level 10 of the Dungeon.
             The game lasted 00:13:50 (9248 turns).

27snakeeyes612 the Cudgeller (Troll Berserker)      Turns: 9248, Time: 00:13:51

Health: -1/100     AC: 10    Str: 31    XL:     10   Next: 95%
Magic:  9/9        EV: 11    Int:  3    God:    Trog [***...]
Gold:   580        SH:  5    Dex:  9    Spells: 9/9 levels left

rFire   + . .      SeeInvis .   y - +4 whip
rCold   . . .      Faith    .   (no shield)
rNeg    . . .      Spirit   .   b - +0 animal skin
rPois   .          Reflect  +   (helmet restricted)
rElec   .          Harm     .   B - +1 cloak
rCorr   .          Rampage  .   (gloves unavailable)
Will    ++...                   (boots unavailable)
Stlth   +.........              o - amulet of reflection
HPRegen 2.06/turn               s - +4 ring of protection
MPRegen 0.11/turn               q - ring of protection from fire

@: strong-willed, regenerating
A: large, unfitting armour, claws 3, regeneration 1, shaggy fur 1, tough skin 1
a: Renounce Religion, Berserk, Trog's Hand


You were on level 10 of the Dungeon.
You worshipped Trog.
Trog was most pleased with you.
You visited 1 branch of the dungeon, and saw 10 of its levels.

You collected 580 gold pieces.

Inventory:

Hand Weapons
 a - a +0 mace
 i - a +0 giant club
 k - a +1 vorpal mace
 r - a +0 flail
 y - a +4 whip (weapon)
 A - a +0 giant spiked club
 E - a +1 morningstar
 G - a +2 whip of holy wrath
Missiles
 v - 51 stones
 w - 4 poisoned darts (quivered)
 N - 5 curare-tipped darts
Armour
 b - a +0 animal skin (worn)
 B - a +1 cloak (worn)
Jewellery
 h - a +6 ring of intelligence
 o - an amulet of reflection (around neck)
 p - a ring of poison resistance
 q - a ring of protection from fire (right claw)
 s - a +4 ring of protection (left claw)
 z - a +6 ring of dexterity
 D - a ring of ice
 F - a ring of fire
Wands
 J - a wand of paralysis (5)
 K - a wand of iceblast (6)
Scrolls
 c - 3 scrolls of blinking
 d - 5 scrolls of fog
 t - 7 scrolls of vulnerability
 H - a scroll of silence
 L - 2 scrolls of identify
 M - a scroll of teleportation
Potions
 e - a potion of flight
 f - a potion of magic
 g - 4 potions of haste
 j - 3 potions of mutation {unknown}
 l - 8 potions of curing
 m - 2 potions of brilliance {unknown}
 n - a potion of ambrosia {unknown}
 u - 2 potions of heal wounds {unknown}
 x - a potion of resistance {unknown}
 C - a potion of degeneration {unknown}
 I - 2 potions of lignification {unknown}


   Skills:
 + Level 6.9 Fighting
 + Level 7.5 Maces & Flails
 + Level 6.8 Throwing
 + Level 6.8 Dodging
 + Level 5.5 Evocations


You had 9 spell levels left.
You didn't know any spells.
Your spell library was empty.

Dungeon Overview and Level Annotations

Branches:
Dungeon (10/15)            Temple (0/1) D:6            Lair (0/6) D:9
    Orc: D:9-12

Altars:
Fedhas
Okawaru
Qazlal
Uskayaw
Xom
Yredelemnul

Shops:
D:2 !   D:8 !


Innate Abilities, Weirdness & Mutations

You are too large for most types of armour.
You have claws for hands.
Your natural rate of healing is unusually fast.
You are covered in fur. (AC +1)
You have tough skin. (AC +1)


Message History

The centaur shoots an arrow.
The arrow closely misses you.
The centaur shoots an arrow.
The arrow hits you!
* * * LOW HITPOINT WARNING * * *
x2 The centaur shoots an arrow.
The arrow hits you!
* * * LOW HITPOINT WARNING * * *
x2 The centaur unwields a +1 vorpal shortbow.
The centaur hits you.
* * * LOW HITPOINT WARNING * * *
The centaur barely misses you.
You barely miss the centaur.
The centaur is severely wounded.
The centaur barely misses you. x2
You feel better. The centaur hits you.
* * * LOW HITPOINT WARNING * * *
The centaur closely misses you.
Your skin crawls.
You feel strong-willed.
You can no longer call in reinforcements.
You block the centaur's attack. The centaur closely misses you.
The yak barely misses you.
The centaur hits you but does no damage.
The centaur kicks you but does no damage.
The yak attacks as you move away! The yak gores you!
* * * LOW HITPOINT WARNING * * *
The centaur attacks as you move away!
The centaur hits you but does no damage.
The centaur kicks you.
* * * LOW HITPOINT WARNING * * *
The centaur wields a +1 vorpal shortbow.
The centaur shoots an arrow.
The arrow hits you but does no damage. The yak attacks as you move away!
The yak gores you!
* * * LOW HITPOINT WARNING * * *
The yak attacks as you move away! The yak gores you.
* * * LOW HITPOINT WARNING * * *
The yak attacks as you move away! The yak gores you but does no damage.
The yak attacks as you move away! The yak gores you!
* * * LOW HITPOINT WARNING * * *
The centaur shoots an arrow.
The arrow hits you!
* * * LOW HITPOINT WARNING * * *
You die...

#. ##≈.......#
#.#######≈≈≈≈######
#.......≈≈≈≈≈≈##
###...##≈≈≈≈≈≈≈≈##
#.....#≈≈≈≈≈≈≈≈≈≈#
#.....≈≈≈≈≈≈≈≈≈≈≈#
#...cY#≈≈†≈≈≈≈≈≈≈#
#.....##≈≈≈≈†≈≈≈##
#....@##.≈≈≈≈≈≈##
#.....##.#≈≈≈≈##
########.##≈≈##
#.##### #.# #.# #.#
#.# #.#


You could see a yak and a centaur.

Vanquished Creatures
  A boulder beetle (D:8)
  A two-headed ogre (D:9)
  Erica (D:8)
  A hornet (D:9)
  Sigmund (D:4)
  2 wyverns
  A shadow (D:9)
  3 yaks (D:9)
  2 wraiths
  A steam dragon (D:7)
  A water moccasin (D:7)
  2 orc warriors (D:7)
  3 ice beasts
  A sky beast (D:8)
  3 ogres
  3 centaurs
  A phantom (D:5)
  3 kobold brigands
  3 bullfrogs
  2 gnoll sergeants (D:6)
  2 scorpions
  7 wights
  12 killer bees
  A howler monkey (D:5)
  2 electric eels (D:10)
  3 jellies
  3 hounds
  6 orc priests
  3 gnoll boudas
  5 iguanas
  11 orc wizards
  27 gnolls
  7 adders
  2 shadow imps
  An ufetubus (D:6)
  2 worms (D:2)
  5 dart slugs
  30 orcs
  5 bats
  4 endoplasms
  5 giant cockroaches
  5 goblins
  10 hobgoblins
  3 jackals
  17 kobolds
  2 quokkas
  4 ball pythons
  4 frilled lizards
  2 rats (D:2)
226 creatures vanquished.

Vanquished Creatures (others)
  A white imp (D:7)
  A plant (D:9)
2 creatures vanquished.

Grand Total: 228 creatures vanquished

Notes
Turn   | Place    | Note
-------+----------+-------------------------------------------
     0 | D:1      | 27snakeeyes612 the Troll Berserker began the quest for the
                  | Orb.
     0 | D:1      | Reached XP level 1. HP: 22/22 MP: 0/0
   202 | D:1      | Reached XP level 2. HP: 29/29 MP: 1/1
   884 | D:2      | Reached skill level 3 in Maces & Flails
   898 | D:2      | Found a hide-covered altar of Uskayaw.
  1074 | D:2      | Reached XP level 3. HP: 36/36 MP: 2/2
  1365 | D:2      | Found Raure's Distillery.
  1587 | D:3      | Reached skill level 1 in Throwing
  1589 | D:3      | Found a faded altar of an unknown god.
  1675 | D:3      | Reached XP level 4. HP: 44/44 MP: 3/3
  1695 | D:3      | Reached ** piety under Trog
  1837 | D:3      | Reached skill level 1 in Evocations
  2055 | D:3      | Found a shimmering altar of Xom.
  2115 | D:4      | Noticed Sigmund
  2212 | D:4      | Noticed an ogre
  2222 | D:4      | Killed an ogre
  2223 | D:4      | Reached XP level 5. HP: 48/53 MP: 4/4
  2312 | D:4      | Killed Sigmund
  2313 | D:4      | Reached XP level 6. HP: 61/61 MP: 5/5
  2403 | D:4      | Reached skill level 4 in Maces & Flails
  2461 | D:4      | Reached XP level 7. HP: 68/68 MP: 6/6
  2659 | D:4      | Identified the +1 leather armour of the Cricket {rElec rN++
                  | Will+ Str-2}
  2895 | D:5      | Entered Level 5 of the Dungeon
  3878 | D:5      | Reached XP level 8. HP: 74/76 MP: 7/7
  4119 | D:5      | Reached skill level 5 in Maces & Flails
  4424 | D:6      | Found a staircase to the Ecumenical Temple.
  4781 | D:6      | Reached skill level 5 in Fighting
  4801 | D:6      | Reached skill level 5 in Dodging
  4946 | D:6      | Reached XP level 9. HP: 72/88 MP: 8/8
  5251 | D:7      | Reached *** piety under Trog
  5316 | D:7      | Reached skill level 5 in Throwing
  5588 | D:7      | Found a blossoming altar of Fedhas.
  5668 | D:7      | Reached skill level 6 in Maces & Flails
  6051 | D:7      | Found an iron altar of Okawaru.
  6594 | D:7      | Found a stormy altar of Qazlal.
  7266 | D:8      | Noticed Erica
  7283 | D:8      | Killed Erica
  7284 | D:8      | Reached XP level 10. HP: 88/98 MP: 9/9
  7418 | D:8      | Found Hyomyvuj's Distillery.
  8014 | D:9      | Noticed a two-headed ogre
  8019 | D:9      | Noticed a boulder beetle
  8028 | D:9      | Killed a two-headed ogre
  8028 | D:9      | Reached **** piety under Trog
  8029 | D:9      | Reached skill level 5 in Evocations
  8079 | D:8      | Killed a boulder beetle
  8080 | D:8      | Reached skill level 7 in Maces & Flails
  8193 | D:9      | Found a staircase to the Lair.
  8572 | D:9      | Paralysed by a hornet for 2 turns
  9126 | D:10     | Entered Level 10 of the Dungeon
  9129 | D:10     | Found a basalt altar of Yredelemnul.
  9248 | D:10     | HP: 1/100 [centaur/arrow (7)]
  9248 | D:10     | Shot with an arrow by a centaur

Illustrated notes

Levels and vault maps discovered:
D:1:      dpeg_arrival_more_subterranean_lakeside_camping, layout_loops_ring
D:2:      layout_loops_ring, basic_altar, serial_shops, nicolae_lakefront_shop,
          chequers_serial_rivers_large_a
D:3:      layout_rooms, mainiacjoe_overflow_alcove_1,
          ebering_ecumenical_altar_ruins
D:4:      layout_loops_ring, minmay_pentangle, uniq_sigmund
D:5:      layout_rooms, minmay_crystal_water
D:6:      minmay_evil_eye, layout_cave_pools, minmay_temple_entry_nine_rooms,
          serial_gnoll_camp, gnoll_camp_mini_basic, gnoll_camp_mini_basic,
          gnoll_camp_mini_hut, gnoll_camp_mini_sergeant
D:7:      layout_layer_cave, kennysheep_okawaru_gauntlet, kennysheep_mini,
          mainiacjoe_overflow_catwalk
D:8:      layout_basic, serial_shops, nicolae_stop_n_shop_2, uniq_erica
D:9:      layout_roguey, dpeg_oklobed_lair, lemuel_flame_loot_1
D:10:     layout_basic, yredelemnul_altar_generic,
          grunt_temple_overflow_diamond, david_orc_3, st_stairs_14

Skill      XL: |  1  2  3  4  5  6  7  8  9 10 |
---------------+-------------------------------+-----
Maces & Flails | 3 4 5 6 7 |  7.5
Throwing       | 1 2 3 4 5 6 |  6.8
Fighting       | 3 4 5 6 |  6.9
Evocations     | 1 2 3 4 5 |  5.5
Dodging        | 3 4 5 6 |  6.8

Action                   |  1- 3 |  4- 6 |  7- 9 | 10-12 || total
-------------------------+-------+-------+-------+-------++-------
Melee: Mace              |    82 |    90 |    82 |       ||   254
       Whip              |       |       |   514 |   270 ||   784
       Punch             |       |       |    12 |     2 ||    14
Throw: Stone             |    15 |     2 |    13 |     3 ||    33
       Throwing net      |       |     1 |       |       ||     1
       Dart              |       |       |     9 |    24 ||    33
Invok: Berserk           |     2 |     4 |     9 |     2 ||    17
       Trog's Hand       |       |     2 |     5 |     2 ||     9
  Use: Scroll            |       |     7 |     8 |     3 ||    18
       Potion            |       |       |       |     1 ||     1
 Stab: Sleeping          |     2 |       |       |       ||     2
       Held in net/web   |       |     1 |       |       ||     1
Armor: Animal skin       |    22 |    32 |   218 |    86 ||   358
Dodge: Dodged            |    35 |    84 |   305 |   103 ||   527
Block: Other             |       |       |   118 |    52 ||   170
       Reflection        |       |       |     2 |     4 ||     6

Table legend: (Time is in decaauts)
 A = Elapsed time spent in this place.
 B = Non-inter-level travel time spent in this place.
 C = Inter-level travel time spent in this place.
 D = Time resting spent in this place.
 E = Time spent auto-exploring this place.
 F = Levels seen in this place.
 G = Mean time per level.
                   A        B        C        D        E       F      G
               +--------+--------+--------+--------+--------+-----+--------+
         Total |   9313 |   8863 |    450 |   1210 |   5663 |  10 |  931.3 |
       Dungeon |   9313 |   8863 |    450 |   1210 |   5663 |  10 |  931.3 |
               +--------+--------+--------+--------+--------+-----+--------+

Top non-repeatable levels by time:
     D:7: 1664 daAuts
     D:5: 1323 daAuts
     D:8: 1123 daAuts
     D:6: 1106 daAuts
     D:2: 880 daAuts
     D:9: 875 daAuts
     D:4: 818 daAuts
     D:1: 744 daAuts
     D:3: 650 daAuts
    D:10: 126 daAuts
